 Dungeon Crawl Stone Soup version 0.24.0-1-gfbc8707122 (webtiles) character file.

Game seed: 4698830765703549456, levelgen mode: deterministic

3471 Fistmachine the Magician (level 10, -13/77 HPs)
             Began as a Gnoll Skald on Oct 25, 2019.
             Was a Believer of Okawaru.
             Mangled by a troll (16 damage)
             ... on level 8 of the Dungeon on Oct 28, 2019.
             The game lasted 00:23:58 (7960 turns).

Fistmachine the Magician (Gnoll Skald)              Turns: 7960, Time: 00:24:00

Health: -13/77     AC: 17    Str: 15    XL:     10   Next: 6%
Magic:  11/20      EV: 19    Int: 18    God:    Okawaru [**....]
Gold:   420        SH:  0    Dex: 14    Spells: 14/23 levels left

rFire    . . .     SeeInvis +   B - +1 trident (protect)
rCold    . . .     Gourm    .   (no shield)
rNeg     . . .     Faith    .   b - +1 leather armour
rPois    .         Spirit   .   (no helmet)
rElec    .         Reflect  .   E - +0 cloak
rCorr    .         Harm     .   x - +1 pair of gloves
MR       .....                  v - +0 pair of boots
Stlth    ++++......             t - amulet of the acrobat
HPRegen  0.22/turn              m - ring of wizardry
MPRegen  0.17/turn              u - ring of see invisible

@: heroism, marked, protection aura
A: distributed training, fangs 1, strong nose
a: Heroism, Renounce Religion


You were on level 8 of the Dungeon.
You worshipped Okawaru.
Okawaru was pleased with you.
You were not hungry.

You visited 1 branch of the dungeon, and saw 8 of its levels.

You collected 420 gold pieces.

Inventory:

Hand Weapons
 B - a +1 trident of protection (weapon)
 F - a +2 antimagic halberd
Armour
 b - a +1 leather armour (worn)
 v - a +0 pair of boots (worn)
 x - a +1 pair of gloves (worn)
 y - a +0 shield
 E - a +0 cloak (worn)
Jewellery
 m - a ring of wizardry (left hand)
 t - an amulet of the acrobat (around neck)
 u - a ring of see invisible (right hand)
 H - an uncursed ring of positive energy {unknown}
Wands
 A - a wand of enslavement (7)
 I - a wand of scattershot (4)
Scrolls
 c - 6 scrolls of remove curse
 g - 6 scrolls of immolation {unknown}
 j - 3 scrolls of identify
 k - 3 scrolls of enchant armour
 l - 5 scrolls of teleportation {unknown}
 n - 3 scrolls of enchant weapon {unknown}
 o - a scroll of fear
 r - 2 scrolls of amnesia {unknown}
 C - a scroll of holy word {unknown}
 G - a scroll of magic mapping {unknown}
Potions
 e - a potion of mutation {unknown}
 f - 9 potions of curing {unknown}
 h - 2 potions of flight {unknown}
 i - 3 potions of lignification {unknown}
 p - 2 potions of brilliance {unknown}
 q - a potion of agility {unknown}
 s - a potion of resistance {unknown}
 w - a potion of berserk rage {unknown}
 z - 3 potions of magic {unknown}
 D - 3 potions of heal wounds {unknown}
Comestibles
 d - 3 rations


   Skills:
 + Level 6.7(11.7) Fighting
 + Level 4.8(9.8) Short Blades
 + Level 4.8(9.8) Long Blades
 + Level 4.8(9.8) Axes
 + Level 4.8(9.8) Maces & Flails
 + Level 6.7(11.7) Polearms
 + Level 4.8(9.8) Staves
 + Level 4.8(9.8) Slings
 + Level 4.8(9.8) Bows
 + Level 4.8(9.8) Crossbows
 + Level 4.8(9.8) Throwing
 + Level 5.5(10.5) Armour
 + Level 6.7(11.7) Dodging
 + Level 4.8(9.8) Stealth
 + Level 4.8(9.8) Shields
 + Level 4.8(9.8) Unarmed Combat
 + Level 7.0 Spellcasting
 + Level 4.0 Conjurations
 + Level 4.0 Hexes
 + Level 6.8 Charms
 + Level 4.0 Summonings
 + Level 4.0 Necromancy
 + Level 4.0 Translocations
 + Level 4.0 Transmutations
 + Level 4.0 Fire Magic
 + Level 4.0 Ice Magic
 + Level 4.0 Air Magic
 + Level 4.0 Earth Magic
 + Level 4.0 Poison Magic
 + Level 5.3 Invocations
 + Level 4.8 Evocations


You had 14 spell levels left.
You knew the following spells:

 Your Spells              Type           Power        Failure   Level  Hunger
a - Infusion              Chrm           ####         1%          1    None
b - Spectral Weapon       Hex/Chrm       ####....     1%          3    ##.....
c - Regeneration          Chrm/Necr      ####......   1%          3    ##.....
d - Song of Slaying       Chrm           ####....     1%          2    None

Your spell library contained the following spells:

 Spells                   Type           Power        Failure   Level  Hunger
 Shroud of Golubria       Chrm/Tloc      ####..       1%          2    None


Dungeon Overview and Level Annotations

Branches:
Dungeon (8/15)             Temple (0/1) D:6
   Lair: D:8-11

Altars:
Dithmenos
Fedhas
Makhleb
Nemelex Xobeh
Okawaru
Qazlal

Shops:
D:5 [   D:6 *[(


Innate Abilities, Weirdness & Mutations

Your experience applies equally to all skills.
You have very sharp teeth.
Your uncanny sense of smell can sniff out nearby items.


Message History

The gnoll closely misses you. The orc barely misses you. x2
The troll closely misses you. The troll claws you but does no damage.
The troll misses you. The jackal misses you. The jackal completely misses you.
You hit the troll.
The troll is moderately wounded.
The gnoll hits you from afar with a +0 spear.
* * * LOW HITPOINT WARNING * * *
The orc hits you but does no damage. The jackal closely misses you.
The orc closely misses you. The gnoll misses you. The troll closely misses you.
The troll claws you but does no damage. The troll claws you!
* * * LOW HITPOINT WARNING * * *
The jackal misses you.
You puncture the troll! You punch the troll, but do no damage.
The troll is heavily wounded.
The jackal completely misses you. The gnoll barely misses you.
The jackal misses you. The orc misses you. x2
You barely miss the troll.
The troll is heavily wounded.
The troll bites you!
You die...

... .#. ..h.
..
#.#.#.#.#.
............
#.#.#.#.#.#
#.........
#.#.#.#.#.#
#.ZO.SG....
#.#h#T#.#.#.
#..h@†g.....
#.#o#o#.#.#.
#....gg...
#.#.#.#.#.#
##.........
#.#.# #.#
..... ... #.
.# #.


You could see an eye of draining, a troll, an ogre, 3 gnolls, an adder, 2 orcs,
2 jackals and a bullfrog skeleton.

Vanquished Creatures
  Pikel (D:6)
  Sigmund (D:5)
  Menkaure (D:4)
  A hungry ghost (D:7)
  3 sky beasts
  2 phantoms
  2 ice beasts
  A black bear (D:7)
  3 ogres
  A centaur (D:8)
  Blork the orc (D:6)
  2 bullfrogs
  2 scorpions
  3 wights (D:6)
  3 crimson imps (D:5)
  A bullfrog zombie (D:6)
  A centaur zombie (D:6)
  An orc priest (D:5)
  A gnoll shaman (D:6)
  3 hounds
  A bullfrog skeleton (D:6)
  Terence (D:2)
  An iguana (D:7)
  Natasha (thrice) (D:2)
  4 orc wizards
  9 worker ants
  A killer bee zombie (D:6)
  2 worker ant zombies
  5 adders
  15 gnolls
  2 shadow imps
  3 oozes
  An adder skeleton (D:5)
  An adder zombie (D:5)
  A worm (D:4)
  3 leopard geckos
  18 orcs
  A giant cockroach (D:4)
  7 goblins
  3 hobgoblins
  7 jackals
  4 kobolds
  4 quokkas
  4 bats
  4 frilled lizards
  A leopard gecko zombie (D:7)
  12 rats
152 creatures vanquished.

Vanquished Creatures (others)
  13 spectral weapons
13 creatures vanquished.

Grand Total: 165 creatures vanquished

Notes
Turn   | Place    | Note
-------+----------+-------------------------------------------
     0 | D:1      | Fistmachine the Gnoll Skald began the quest for the Orb.
     0 | D:1      | Reached XP level 1. HP: 20/20 MP: 6/6
    63 | D:1      | Reached XP level 2. HP: 26/26 MP: 2/7
   626 | D:2      | Noticed Natasha
   629 | D:2      | Noticed a crimson imp
   638 | D:2      | Killed Natasha
   638 | D:2      | Reached skill level 5 in Spellcasting
   638 | D:2      | Reached skill level 1 in Invocations
   638 | D:2      | Reached XP level 3. HP: 7/31 MP: 2/9
   947 | D:2      | Reached skill level 1 in Short Blades
   947 | D:2      | Reached skill level 1 in Long Blades
   947 | D:2      | Reached skill level 1 in Axes
   947 | D:2      | Reached skill level 1 in Maces & Flails
   947 | D:2      | Reached skill level 1 in Staves
   947 | D:2      | Reached skill level 1 in Slings
   947 | D:2      | Reached skill level 1 in Bows
   947 | D:2      | Reached skill level 1 in Crossbows
   947 | D:2      | Reached skill level 1 in Throwing
   947 | D:2      | Reached skill level 1 in Stealth
   947 | D:2      | Reached skill level 1 in Shields
   947 | D:2      | Reached skill level 1 in Unarmed Combat
   947 | D:2      | Reached skill level 1 in Evocations
   947 | D:2      | Reached XP level 4. HP: 36/38 MP: 6/11
   958 | D:2      | Found a shadowy altar of Dithmenos.
   958 | D:2      | Found a blossoming altar of Fedhas.
  1068 | D:2      | Noticed Natasha
  1082 | D:2      | Killed Natasha
  1128 | D:2      | Reached skill level 1 in Conjurations
  1128 | D:2      | Reached skill level 1 in Hexes
  1128 | D:2      | Reached skill level 1 in Summonings
  1128 | D:2      | Reached skill level 1 in Necromancy
  1128 | D:2      | Reached skill level 1 in Translocations
  1128 | D:2      | Reached skill level 1 in Transmutations
  1128 | D:2      | Reached skill level 1 in Fire Magic
  1128 | D:2      | Reached skill level 1 in Ice Magic
  1128 | D:2      | Reached skill level 1 in Air Magic
  1128 | D:2      | Reached skill level 1 in Earth Magic
  1128 | D:2      | Reached skill level 1 in Poison Magic
  1282 | D:2      | Noticed Natasha
  1284 | D:2      | Noticed Terence
  1290 | D:2      | Killed Natasha
  1290 | D:2      | Reached XP level 5. HP: 38/43 MP: 5/12
  1303 | D:2      | Killed Terence
  1419 | D:2      | Learned a level 3 spell: Spectral Weapon
  1423 | D:2      | Learned a level 3 spell: Regeneration
  1886 | D:3      | Found an iron altar of Okawaru.
  1988 | D:3      | Noticed an ice beast
  2005 | D:3      | Killed an ice beast
  2005 | D:3      | Reached XP level 6. HP: 27/50 MP: 3/13
  2439 | D:4      | Reached skill level 5 in Fighting
  2439 | D:4      | Reached skill level 5 in Polearms
  2439 | D:4      | Reached skill level 5 in Dodging
  2692 | D:4      | Noticed a phantom
  2713 | D:4      | Killed a phantom
  2713 | D:4      | Reached XP level 7. HP: 46/56 MP: 6/15
  3116 | D:4      | Noticed Menkaure
  3137 | D:4      | Killed Menkaure
  3470 | D:5      | Entered Level 5 of the Dungeon
  3482 | D:5      | Found Fiddath's Armour Boutique.
  3698 | D:5      | Reached XP level 8. HP: 58/63 MP: 12/16
  3706 | D:5      | Found a stormy altar of Qazlal.
  4474 | D:5      | Reached skill level 6 in Spellcasting
  4876 | D:5      | Found a burning altar of Makhleb.
  4890 | D:5      | Noticed Sigmund
  4910 | D:5      | Learned a level 2 spell: Song of Slaying
  4920 | D:5      | Killed Sigmund
  4920 | D:5      | Reached XP level 9. HP: 53/69 MP: 9/18
  5289 | D:3      | Became a worshipper of Warmaster Okawaru
  5536 | D:6      | Found a staircase to the Ecumenical Temple.
  6185 | D:6      | Noticed Blork the orc
  6221 | D:6      | Killed Blork the orc
  6374 | D:6      | Noticed Pikel
  6392 | D:6      | Killed Pikel
  6392 | D:6      | Reached * piety under Okawaru
  6392 | D:6      | Reached skill level 5 in Armour
  6427 | D:6      | Found Kifagg's Antique Weapon Shoppe.
  6641 | D:6      | Found Roomedgh's Antique Armour Boutique.
  6808 | D:6      | Found Taskyas's Assorted Antiques.
  7108 | D:7      | Reached skill level 5 in Invocations
  7250 | D:7      | Found a sparkling altar of Nemelex Xobeh.
  7389 | D:7      | Reached ** piety under Okawaru
  7493 | D:7      | Reached skill level 7 in Spellcasting
  7493 | D:7      | Reached XP level 10. HP: 77/77 MP: 16/20
  7926 | D:7      | Upgraded the game from 0.24.0 to 0.24.0-1-gfbc8707122
  7958 | D:8      | HP: 2/77 [troll (11)]
  7960 | D:8      | Mangled by a troll

Levels and vault maps discovered:
D:1:      grunt_arrival_crossed_arrows, layout_rooms, minmay_crystal_water,
          minmay_quantized
D:2:      layout_basic, chequers_temple_overflow_statue_of_worship,
          uniq_terence, uniq_natasha
D:3:      layout_basic, overflow_temple_1_default, first_ration
D:4:      layout_gridville, kennysheep_generic_room_15, uniq_menkaure
D:5:      layout_loops_ring, grunt_qazlal_clouds,
          nicolae_overflow_hidden_temple, serial_shops,
          nicolae_shop_statue_plus, corexii_corridor_pit, uniq_sigmund
D:6:      layout_loops_corners, minmay_temple_entry_overgrown, serial_shops,
          nicolae_shop_competitors_out_of_business, kennysheep_mini_moat,
          shop_coins, uniq_pikel, uniq_blork_the_orc
D:7:      layout_basic, nemelex_altar_shiori
D:8:      layout_basic, grunt_pizzeria, st_stairs_11, glass_columns_a

Skill      XL: |  1  2  3  4  5  6  7  8  9 10 |
---------------+-------------------------------+-----
Spellcasting   | 5 6 7 |  7.0
Invocations    | 1 2 3 4 5 |  5.3
Short Blades   | 1 2 3 4 |  4.8
Long Blades    | 1 2 3 4 |  4.8
Axes           | 1 2 3 4 |  4.8
Maces & Flails | 1 2 3 4 |  4.8
Staves         | 1 2 3 4 |  4.8
Slings         | 1 2 3 4 |  4.8
Bows           | 1 2 3 4 |  4.8
Crossbows      | 1 2 3 4 |  4.8
Throwing       | 1 2 3 4 |  4.8
Stealth        | 1 2 3 4 |  4.8
Shields        | 1 2 3 4 |  4.8
Unarmed Combat | 1 2 3 4 |  4.8
Evocations     | 1 2 3 4 |  4.8
Conjurations   | 1 2 3 4 |  4.0
Hexes          | 1 2 3 4 |  4.0
Summonings     | 1 2 3 4 |  4.0
Necromancy     | 1 2 3 4 |  4.0
Translocations | 1 2 3 4 |  4.0
Transmutations | 1 2 3 4 |  4.0
Fire Magic     | 1 2 3 4 |  4.0
Ice Magic      | 1 2 3 4 |  4.0
Air Magic      | 1 2 3 4 |  4.0
Earth Magic    | 1 2 3 4 |  4.0
Poison Magic   | 1 2 3 4 |  4.0
Armour         | 3 4 5 |  5.5
Fighting       | 5 6 |  6.7
Polearms       | 5 6 |  6.7
Dodging        | 5 6 |  6.7
Charms         | 6 |  6.8

Action                   |  1- 3 |  4- 6 |  7- 9 | 10-12 || total
-------------------------+-------+-------+-------+-------++-------
Melee: Spear             |    61 |   157 |   373 |       ||   591
       Bite              |     4 |    16 |    43 |     6 ||    69
       Punch             |       |     2 |     6 |     3 ||    11
       Trident           |       |       |    98 |    32 ||   130
 Cast: Infusion          |     8 |     6 |     6 |       ||    20
       Spectral Weapon   |       |     6 |    56 |       ||    62
       Regeneration      |       |     2 |     7 |       ||     9
       Song of Slaying   |       |       |     3 |       ||     3
Invok: Heroism           |       |       |       |     1 ||     1
  Use: Scroll            |       |     4 |     4 |       ||     8
 Stab: Sleeping          |     2 |     3 |     6 |     1 ||    12
       Distracted        |       |       |     5 |       ||     5
  Eat: Chunk             |       |     3 |     6 |       ||     9
       Ration            |       |     1 |     4 |     1 ||     6
Armor: Leather armour    |     6 |    19 |    59 |    33 ||   117
Dodge: Dodged            |    35 |    83 |   211 |   121 ||   450
